Map: Snowy Mesa

Players

WeVincenzo

  • Race: Terran Terran
  • League: Diamond
  • Spawn Location: 12:00

Tirkiev

  • Race: Protoss Protoss
  • Spawn Location: 12:00

Musumeci - Winner!

  • Race: Zerg Zerg
  • League: Diamond
  • Spawn Location: 6:00

MichyMoko - Winner!

  • Race: Zerg Zerg
  • Spawn Location: 6:00

VOD

Have the link to the VOD?

Description

Time

  • Played on: March 31, 2017, 3:16 p.m.
  • Length: 23:39
Show
View Real Time Build Order
Export as new Build Order

WeVincenzo Terran 

Build Orders: Liberator Opening 

Get SALT Encoding   

  12  0:01  SCV  
  13  0:13  SCV  
  14  0:19  Supply Depot  
  14  0:25  SCV  
  15  0:39  Refinery  
  15  0:40  SCV  
  16  0:46  Barracks  
  16  0:59  SCV  
  17  1:12  SCV  
  17  1:14  Refinery  
  18  1:24  SCV  
  19  1:36  SCV  
  20  1:46  Marine  
  21  1:48  SCV  
  21  1:51  Factory  
  22  2:00  SCV  
  22  2:12  SCV  
  23  2:33  Orbital Command, Command Center  
  23  2:35  Supply Depot  
  23  2:44  Starport  
  23  2:56  Marine  
  23  2:57  Armory  
  24  3:02  Factory Tech Lab  
  24  3:05  SCV  
  25  3:14  Marine  
  25  3:17  SCV  
  27  3:23  Starport Tech Lab  
  27  3:29  SCV  
  28  3:38  Barracks Reactor  
  28  3:41  SCV  
  28  3:44  Supply Depot  
  28  3:46  Orbital Command  
  29  3:50  Supply Depot x2  
  29  3:53  SCV  
  29  3:55  Liberator  
  30  4:05  Fusion Core  
  30  4:10  Widow Mine  
  30  4:16  Marine  
  30  4:17  Marine  
  36  4:21  SCV  
  38  4:33  SCV  
  39  4:38  Widow Mine  
  39  4:39  Marine x2  
  39  4:44  Liberator  
  43  4:57  Advanced Ballistics  
  46  5:07  Widow Mine, Marine x2  
  46  5:12  SCV  
  50  5:25  Marine  
  50  5:28  SCV  
  52  5:32  Barracks  
  52  5:35  Widow Mine  
  52  5:37  Marine  
  55  5:44  Liberator  
  55  5:46  Marine  
  56  5:55  Marine  
  57  5:58  Orbital Command  
  57  6:03  SCV  
  60  6:04  Widow Mine  
  60  6:09  Barracks  
  62  6:18  Barracks  
  62  6:27  Liberator  
  62  6:35  SCV, Barracks  
  62  6:36  Barracks Reactor  
  63  6:41  Engineering Bay  
  66  6:47  SCV  
  66  6:48  SCV  
  68  6:57  Command Center  
  68  6:59  SCV  
  68  7:00  SCV  
  70  7:03  Barracks Reactor  
  70  7:08  Barracks, Supply Depot  
  70  7:10  Barracks Reactor  
  70  7:12  Liberator, Supply Depot  
  70  7:29  Widow Mine, Marine x2  
  77  7:47  Marine  
  78  7:55  Liberator  
  78  7:58  Widow Mine  
  80  8:07  Barracks Tech Lab  
  80  8:10  Terran Infantry Weapons Level 1  
  80  8:11  Supply Depot  
  80  8:12  Barracks Tech Lab  
  80  8:13  Marine x4  
  87  8:55  Marine x5  
  86  8:56  Stimpack, Combat Shields  
  86  9:00  Medivac  
  86  9:02  Marine, Supply Depot x2  
  89  9:04  Marine  
  89  9:05  Marine  
  89  9:06  SCV, Supply Depot  
  92  9:10  Orbital Command, Refinery  
  92  9:11  Supply Depot  
  92  9:13  Refinery, Marine x2  
  91  9:18  SCV  
  92  9:25  Marine, Supply Depot  
  92  9:26  Marine x4  
  92  9:27  Marine x2  
  92  9:30  SCV, Marine, Medivac  
  103  9:42  SCV  
  103  9:45  Orbital Command  
  104  9:48  Marine x2  
  104  9:50  Marine  
  104  9:51  Marine x4  
  111  9:54  SCV  
  112  10:04  Terran Infantry Armor Level 1  
  112  10:06  Marine x2  
  112  10:07  SCV  
  115  10:14  Refinery  
  115  10:18  Marauder  
  115  10:19  SCV, Concussive Shells  
  118  10:21  Supply Depot  
  118  10:28  Marine  
  118  10:29  Barracks  
  118  10:31  SCV  
  118  10:32  SCV  
  121  10:38  Starport Reactor  
  121  10:40  Marauder  
  119  10:43  SCV  
  119  10:47  Marauder  
  122  10:50  Siege Tank  
  125  10:57  SCV  
  125  11:03  SCV  
  127  11:05  Refinery  
  127  11:09  Marauder, SCV, Supply Depot  
  128  11:15  SCV  
  128  11:16  Marine x3  
  128  11:17  Medivac x2  
  136  11:21  SCV x2, Supply Depot  
  136  11:22  Siege Tank  
  141  11:30  Marauder  
  143  11:33  SCV x2  
  145  11:47  Marine x4, Medivac  
  145  11:48  Marine x4  
  145  11:51  Marauder  
  145  11:53  SCV  
  158  11:57  Siege Tank  
  158  11:59  Medivac  
  163  12:05  SCV, Marine x4  
  163  12:06  SCV, Marine x4  
  173  12:10  Supply Depot  
  173  12:15  Command Center  
  173  12:21  Barracks  
  173  12:25  Barracks  
  173  12:31  SCV, Marine x4, Siege Tank  
  173  12:33  Barracks  
  181  12:38  Supply Depot  
  181  12:39  Terran Vehicle And Ship Armor Level 1  
  181  12:50  Supply Depot  
  181  12:51  Supply Depot  
  181  12:59  Marine x4, Medivac  
  181  13:00  SCV  
  181  13:05  Sensor Tower  
  188  13:10  Barracks Tech Lab  
  188  13:12  SCV  
  189  13:13  Barracks Tech Lab  
  189  13:17  Factory  
  189  13:24  SCV  
  189  13:25  Command Center  
  190  13:30  Factory  
  190  13:41  Barracks Tech Lab  
  190  13:44  Medivac  
  190  13:45  Medivac  
  190  13:46  Missile Turret  
  190  13:48  Engineering Bay  
  194  13:58  Marine x3  
  194  13:59  Marine x3  
  200  14:03  Factory Tech Lab  
  200  14:06  Factory  
  200  14:07  Missile Turret  
  200  14:09  Missile Turret  
  200  14:14  Refinery  
  200  14:15  Planetary Fortress, Missile Turret  
  200  14:21  Missile Turret  
  200  14:31  Sensor Tower  
  200  14:47  Orbital Command, Sensor Tower  
  200  14:55  Marine  
  200  15:03  Unknown x4  
  199  15:07  Terran Infantry Weapons Level 2  
  199  15:09  Supply Depot  
  199  15:21  Starport Reactor  
  172  15:39  Siege Tank  
  172  15:40  Marauder x3, Marine x3  
  172  15:41  Siege Tank  
  178  16:02  Refinery  
  178  16:06  Barracks Tech Lab  
  178  16:11  Siege Tank  
  181  16:12  SCV  
  181  16:13  Siege Tank  
  185  16:29  Missile Turret  
  185  16:31  Missile Turret  
  185  16:33  Missile Turret  
  176  16:43  Siege Tank  
  176  16:45  Siege Tank  
  171  16:54  SCV  
  172  17:02  Missile Turret  
  172  17:15  Siege Tank  
  175  17:16  Marine x4  
  175  17:17  Marine x4, Siege Tank  
  175  17:18  Marine  
  175  17:19  Missile Turret  
  187  17:22  Missile Turret  
  187  17:23  Terran Infantry Armor Level 2, Missile Turret  
  187  17:24  Missile Turret  
  187  17:28  Marine  
  184  17:42  Missile Turret  
  184  17:47  Siege Tank  
  184  17:53  Siege Tank  
  184  17:54  Marauder x3  
  161  18:19  Siege Tank  
  148  18:34  Marine x5  
  139  18:35  Marine x4  
  142  18:51  Siege Tank  
  103  19:03  Marine x4  
  103  19:04  Marine x2  
  103  19:05  Medivac  
  103  19:06  Medivac  
  107  19:11  SCV  
  108  19:23  Siege Tank  
  108  19:35  Medivac  
  108  19:55  Siege Tank  
  108  20:28  Siege Tank  
  108  21:00  Siege Tank  
Show
View Real Time Build Order
Export as new Build Order

Tirkiev Protoss 

Build Orders: Cannon Rush 

Get SALT Encoding   

  12  0:02  Probe (Chrono Boost)  
  13  0:12  Probe (Chrono Boost)  
  14  0:23  Probe (Chrono Boost)  
  14  0:28  Pylon  
  15  0:46  Probe (Chrono Boost)  
  16  0:55  Pylon  
  16  1:01  Pylon  
  16  1:08  Forge  
  16  1:11  Probe (Chrono Boost)  
  17  1:30  Pylon  
  17  1:47  Photon Cannon  
  17  1:50  Photon Cannon  
  17  1:53  Photon Cannon  
  17  1:59  Photon Cannon  
  17  2:05  Photon Cannon  
  17  2:17  Photon Cannon  
  17  2:29  Photon Cannon  
  17  2:51  Gateway  
  17  2:57  Assimilator  
  17  3:02  Assimilator  
  16  3:27  Probe (Chrono Boost)  
  16  3:47  Pylon  
  16  3:57  Photon Cannon  
  16  3:58  Photon Cannon  
  16  4:02  Pylon  
  16  4:06  Cybernetics Core  
  16  4:09  Probe (Chrono Boost)  
  17  4:25  Photon Cannon  
  17  4:33  Probe (Chrono Boost)  
  18  4:44  Probe (Chrono Boost)  
  19  4:46  Stargate  
  19  4:49  Stargate  
  19  4:54  Probe (Chrono Boost)  
  20  5:05  Mothership Core (Chrono Boost)  
  22  5:23  Probe (Chrono Boost)  
  22  5:27  Phoenix  
  23  5:33  Phoenix  
  27  5:49  Phoenix  
  29  6:05  Phoenix  
  31  6:14  Phoenix  
  33  6:34  Phoenix  
  33  6:38  Pylon  
  35  6:42  Pylon  
  35  6:44  Pylon  
  35  6:49  Phoenix  
  37  7:02  Photon Cannon  
  37  7:04  Photon Cannon  
  37  7:06  Photon Cannon  
  37  7:12  Photon Cannon  
  35  8:07  Phoenix  
  35  8:10  Phoenix  
  35  9:11  Nexus  
  35  9:13  Assimilator  
  35  9:17  Assimilator  
  35  9:55  Fleet Beacon  
  35  10:01  Stargate  
  35  10:05  Photon Cannon  
  35  10:07  Photon Cannon  
  35  10:10  Photon Cannon  
  35  10:12  Photon Cannon  
  35  10:15  Photon Cannon  
  35  10:30  Carrier  
  37  10:35  Probe (Chrono Boost)  
  37  10:37  Probe (Chrono Boost)  
  43  11:08  Carrier  
  43  11:17  Probe (Chrono Boost)  
  45  11:19  Probe (Chrono Boost)  
  51  11:50  Carrier  
  58  11:55  Probe (Chrono Boost)  
  58  12:07  Graviton Catapult  
  58  12:14  Probe (Chrono Boost)  
  59  12:18  Probe (Chrono Boost)  
  60  12:24  Carrier  
  60  12:25  Carrier  
  60  12:27  Probe (Chrono Boost)  
  62  12:30  Probe (Chrono Boost)  
  74  12:39  Probe (Chrono Boost)  
  74  12:42  Probe (Chrono Boost)  
  76  13:31  Pylon x2  
  76  13:37  Pylon  
  76  13:41  Pylon  
  76  13:43  Carrier  
  76  13:49  Carrier  
  88  14:06  Protoss Shields Level 1  
  88  14:15  Carrier  
  94  15:21  Carrier  
  88  15:30  Carrier  
  88  15:32  Carrier  
  78  16:44  Robotics Facility  
  78  17:04  Nexus  
  78  17:06  Photon Cannon  
  78  17:12  Photon Cannon  
  78  17:25  Pylon  
  78  17:27  Pylon  
  78  17:37  Observer  
  79  17:55  Observer  
  76  18:42  Carrier  
  72  18:53  Carrier x2  
Show
View Real Time Build Order
Export as new Build Order

Musumeci Zerg - Winner!

Build Orders: Hatch First 

Get SALT Encoding   

  12  0:01  Drone  
  13  0:09  Drone  
  14  0:20  Drone, Extractor  
  15  0:45  Hatchery  
  14  0:55  Extractor  
  14  0:56  Drone  
  14  1:03  Spawning Pool  
  14  1:58  Zergling x2  
  14  1:59  Zergling x6  
  18  2:16  Zergling x2  
  18  2:17  Zergling x2  
  9  2:57  Drone  
  11  2:58  Drone  
  11  3:10  Drone  
  12  3:21  Drone  
  13  3:29  Drone  
  14  3:37  Drone  
  15  3:43  Drone  
  15  3:44  Drone x2  
  18  3:54  Overlord  
  18  4:07  Drone x2  
  20  4:12  Drone  
  20  4:13  Drone  
  22  4:22  Drone x4  
  26  4:29  Queen  
  28  4:56  Roach Warren  
  28  4:57  Queen, Extractor  
  28  4:58  Extractor  
  27  5:23  Drone  
  28  5:33  Overlord x3  
  23  6:06  Drone x4  
  23  6:08  Drone  
  23  6:11  Lair  
  28  6:13  Roach x5  
  28  6:17  Drone x2  
  40  6:19  Drone  
  41  6:30  Drone x2  
  43  6:41  Drone x5  
  48  6:57  Roach x2  
  52  7:03  Overlord  
  52  7:04  Overlord  
  52  7:06  Overlord  
  52  7:13  Extractor x2  
  50  7:16  Hatchery  
  50  7:21  Spore Crawler  
  48  7:23  Spore Crawler  
  47  7:35  Spore Crawler  
  46  7:49  Ravager x5  
  51  7:52  Ravager  
  52  7:58  Spore Crawler  
  52  8:02  Spore Crawler  
  52  8:03  Spore Crawler  
  52  8:05  Spore Crawler  
  48  8:09  Overlord x2  
  48  8:10  Overlord  
  48  8:33  Drone x12  
  52  9:02  Drone  
  53  9:03  Drone x7  
  60  9:22  Queen  
  62  9:24  Queen  
  62  9:26  Roach x3  
  62  9:30  Ravager  
  71  9:32  Drone x2  
  71  9:33  Drone x2  
  71  9:37  Drone x5  
  80  9:39  Drone  
  80  9:40  Drone  
  82  10:03  Glial Reconstitution  
  82  10:13  Overlord x5  
  82  10:31  Roach x9  
  82  10:32  Roach  
  82  10:34  Ravager x3  
  105  10:45  Roach x3  
  105  10:46  Roach x5  
  105  10:47  Overlord  
  105  10:48  Overlord  
  121  10:54  Overseer  
  121  10:56  Overseer  
  121  11:06  Ravager x9  
  121  11:07  Roach  
  121  11:08  Roach x3  
  133  11:47  Drone  
  133  11:48  Drone x2  
  133  11:50  Extractor  
  133  11:52  Extractor  
  134  12:04  Hatchery  
  133  12:08  Extractor  
  133  12:11  Overlord  
  133  12:12  Overlord x6, Extractor  
  133  12:13  Overseer  
  131  12:29  Spire  
  130  12:30  Spire  
  129  13:12  Overlord x2  
  129  13:13  Overlord x2  
  129  13:16  Drone  
  129  13:17  Drone x5  
  135  13:21  Drone x9  
  142  13:43  Zerg Flyer Weapons Level 1  
  142  13:44  Zerg Flyer Armor Level 1, Corruptor x17  
  142  13:45  Corruptor  
  178  13:58  Corruptor x2  
  182  14:04  Spore Crawler x2  
  182  14:05  Spore Crawler x2  
  182  14:08  Spore Crawler  
  182  14:09  Corruptor x5  
  187  14:10  Spore Crawler x2  
  183  14:20  Corruptor x3  
  189  14:30  Infestation Pit  
  132  15:51  Swarm Host x3  
  132  15:52  Swarm Host x14  
  198  16:03  Corruptor  
  198  16:04  Corruptor x5  
  184  17:24  Swarm Host x4  
Show
View Real Time Build Order
Export as new Build Order

MichyMoko Zerg - Winner!

Build Orders: Hatch First 

Get SALT Encoding   

  12  0:01  Drone  
  13  0:12  Overlord  
  13  0:17  Drone  
  14  0:30  Drone x2  
  14  0:34  Drone  
  17  0:54  Hatchery  
  16  1:06  Drone  
  17  1:15  Spawning Pool  
  17  1:16  Drone, Extractor  
  16  1:37  Drone x3  
  19  1:50  Drone  
  20  2:27  Zergling x6  
  23  2:55  Queen  
  23  2:57  Queen  
  27  2:59  Zergling x2  
  27  3:00  Overlord  
  27  3:04  Metabolic Boost  
  28  3:12  Overlord  
  28  3:22  Drone x3  
  31  3:30  Drone  
  31  3:31  Drone  
  31  3:32  Drone  
  34  3:45  Queen  
  36  3:53  Roach Warren  
  36  3:54  Drone  
  36  3:56  Drone  
  36  4:01  Drone  
  38  4:03  Drone  
  38  4:08  Drone x3  
  42  4:14  Overlord  
  42  4:34  Drone x6  
  42  4:35  Drone  
  49  4:39  Extractor  
  49  4:44  Roach  
  49  4:45  Roach  
  52  4:46  Overlord  
  52  4:48  Overlord  
  52  4:53  Overlord  
  52  5:19  Extractor  
  51  5:22  Extractor  
  51  5:23  Roach  
  51  5:24  Roach x4  
  60  5:36  Roach x2  
  60  5:37  Roach x2  
  64  6:01  Lair  
  64  6:09  Roach x3  
  64  6:10  Roach x2  
  74  6:11  Overlord x3  
  74  6:31  Ravager  
  75  6:37  Ravager x2  
  75  6:38  Ravager x4  
  81  6:40  Hatchery  
  80  6:59  Glial Reconstitution  
  80  7:03  Drone x5  
  80  7:05  Hydralisk Den  
  80  7:07  Overlord x2  
  84  7:09  Roach x4  
  84  7:10  Evolution Chamber  
  84  7:11  Drone x2  
  84  7:13  Evolution Chamber  
  92  7:24  Spore Crawler  
  92  7:26  Spore Crawler  
  90  7:38  Spore Crawler  
  84  7:56  Hydralisk x7  
  97  8:08  Spore Crawler  
  96  8:14  Spore Crawler  
  96  8:19  Spore Crawler  
  92  8:23  Spore Crawler  
  91  8:42  Hydralisk x5  
  101  9:02  Drone x3  
  104  9:03  Drone x4  
  104  9:04  Drone  
  104  9:05  Drone x4  
  113  9:36  Spore Crawler  
  112  9:39  Overlord x3  
  112  9:44  Queen  
  112  9:45  Spore Crawler  
  113  9:56  Queen  
  115  10:05  Extractor  
  114  10:08  Drone, Extractor  
  114  10:09  Drone x5  
  114  10:10  Drone x4  
  114  10:11  Roach x2  
  127  10:22  Overseer  
  127  10:28  Muscular Augments  
  127  10:30  Zerg Missile Weapons Level 1  
  127  10:32  Zerg Ground Armor Level 1  
  127  10:59  Queen  
  129  11:10  Hydralisk x4  
  137  11:13  Overlord x3  
  137  11:14  Overlord x2  
  135  12:02  Drone x3  
  135  12:03  Drone  
  139  12:23  Hydralisk x14  
  139  12:24  Hydralisk x2  
  171  12:30  Hatchery  
  171  12:34  Hydralisk x3  
  171  12:35  Hydralisk  
  178  12:37  Overlord x2  
  178  12:38  Overlord x3  
  178  12:40  Overseer  
  178  13:14  Hydralisk  
  178  13:15  Hydralisk x3  
  178  13:16  Roach x4  
  178  13:17  Roach x2  
  178  13:18  Ravager x2  
  200  13:22  Zerg Missile Weapons Level 2  
  200  13:23  Zerg Ground Armor Level 2  
  200  13:28  Infestation Pit  
  199  13:53  Extractor x2  
  197  14:02  Spore Crawler  
  196  14:03  Spore Crawler  
  196  14:06  Hive  
  195  14:24  Spore Crawler  
  194  14:31  Spore Crawler  
  193  14:43  Drone x2  
  195  14:46  Roach  
  195  14:47  Roach  
  200  15:07  Drone  
  194  16:12  Hydralisk x3  
  200  16:24  Hydralisk x3  
  200  16:29  Zerg Missile Weapons Level 3  
  200  16:31  Zerg Ground Armor Level 3  
  198  17:22  Hydralisk  
  182  18:05  Hydralisk x3  
  170  18:06  Hydralisk x7  
  170  18:11  Roach x6  
  170  18:12  Roach  
  191  18:31  Hydralisk  
  191  18:32  Hydralisk x3  
  182  19:10  Roach  
  182  19:11  Roach x8  
Tags
 
Add a new tag
Caveats
  • Supply blocks, unpowered buildings, or Contaminate may cause inaccurate times.
  • Supply counts are checked every 10 seconds.